 Dungeon Crawl Stone Soup version 0.17-a0-1954-g0dddeaa (webtiles) character file.

27 Enroth the Shooter (level 2, -1/24 HPs)
             Began as a Centaur Hunter on Oct 4, 2015.
             Slain by a hobgoblin
             ... wielding a +0 club
              (4 damage)
             ... on level 2 of the Dungeon.
             The game lasted 00:04:10 (695 turns).

Enroth the Shooter (Centaur Hunter)                  Turns: 695, Time: 00:04:11

Health: -1/24      AC:  5    Str: 14    XL:     2   Next: 93%
Magic:  2/2        EV:  9    Int: 10    God:
Gold:   56         SH:  0    Dex:  9    Spells: 0 memorised, 1 level left

rFire  . . .     SeeInvis .     a - +1 shortbow
rCold  . . .     Clarity  .     d - +0 leather armour
rNeg   . . .     SustAt   .     (no shield)
rPois  .         Gourm    .     (no helmet)
rElec  .         Spirit   .     (no cloak)
rCorr  .         Warding  .     h - +0 pair of gloves
rMut   .         Stasis   .     (no barding)
MR     .....                    (no amulet)
Stlth  +.........               (no ring)
                                (no ring)

@: lethally poisoned (-1 -> -8), very quick, not resistant to hostile
enchantments, very unstealthy
A: hooves 3, breathe flames 1, deformed body, speed 2, tough skin 3
a: Breathe Fire


You were on level 2 of the Dungeon.
You were not hungry.

You visited 1 branch of the dungeon, and saw 2 of its levels.

You collected 56 gold pieces.

Inventory:

Hand weapons
 a - a +1 shortbow (weapon)
 c - a +0 short sword
Missiles
 b - an arrow (quivered)
Armour
 d - a +0 leather armour (worn)
 h - a +0 pair of gloves (worn)
Scrolls
 g - 2 scrolls of identify {unknown}
Comestibles
 e - 2 bread rations
 f - a meat ration


   Skills:
 + Level 2.0 Fighting
 + Level 6.5 Bows
 + Level 1.4 Dodging
 + Level 0.5 Stealth


You had one spell level left.
You didn't know any spells.

Dungeon Overview and Level Annotations

Branches:
Dungeon (2/15)

Altars:
Dithmenos
Gozag
Kikubaaqudgha
Yredelemnul

Annotations:
D:2 Jessica


Innate Abilities, Weirdness & Mutations

You have hooves in place of feet.
Armour fits poorly on your strangely shaped body.
You cover ground very quickly.
You have extremely tough skin (AC +3).
You can breathe flames.


Message History

Press: ? - help, Shift-Dir - straight line, f/p - adder
Aim: an adder (moderately wounded)
You shoot an arrow. The arrow misses the adder.
The adder bites you.
* * * LOW HITPOINT WARNING * * *
The quokka bites you but does no damage.
The hobgoblin hits you but does no damage.
The adder bites you but does no damage.
Firing (i - inventory):
b - 3 arrows (quivered)
Press: ? - help, Shift-Dir - straight line, f/p - adder
Aim: an adder (moderately wounded)
You shoot an arrow. The arrow closely misses the adder.
* * * LOW HITPOINT WARNING * * *
You feel sick. The quokka barely misses you.
The adder bites you but does no damage.
Firing (i - inventory):
b - 2 arrows (quivered)
Press: ? - help, Shift-Dir - straight line, f/p - adder
Aim: an adder (moderately wounded)
You shoot an arrow. The arrow closely misses the adder.
The hobgoblin hits you with a club.
You die...

##########
#........#
#..<.....#
#........####
##............
###.........##
#(......@..>#
#..##...Sgr..#
..# ####.(####
.. ##.# ###†#
###...###
#.....!.#
.>S..S.((_.#
.............#


You could see an adder, a quokka and a hobgoblin.

Vanquished Creatures
  A giant gecko (D:1)
  4 bats
  4 hobgoblins (D:1)
  4 jackals (D:1)
  2 giant newts
  3 goblins (D:1)
  3 kobolds (D:1)
  4 rats
25 creatures vanquished.

Notes
Turn   | Place    | Note
--------------------------------------------------------------
     0 | D:1      | Enroth the Centaur Hunter began the quest for the Orb.
     0 | D:1      | Reached XP level 1. HP: 17/17 MP: 1/1
   113 | D:1      | Reached XP level 2. HP: 24/24 MP: 2/2
   154 | D:1      | Reached skill level 6 in Bows
   666 | D:2      | Found an ancient bone altar of Kikubaaqudgha.
   669 | D:2      | Found a shadowy altar of Dithmenos.
   671 | D:2      | Found a basalt altar of Yredelemnul.
   671 | D:2      | Found an opulent altar of Gozag.
   680 | D:2      | Noticed Jessica
   692 | D:2      | Gained mutation: You can breathe flames. [potion of beneficial mutation]
   695 | D:2      | Slain by a hobgoblin

Vault maps used:
D:1:      lemuel_arrival_hallway, minmay_misc_feat_enclosed
D:2:      grunt_temple_overflow_open, first_bread, uniq_natasha, uniq_jessica,
          uniq_terence, uniq_sigmund, uniq_iyjb

Action                   || total
-------------------------++-------
Melee: Short sword       ||    42
 Fire: Shortbow          ||    50
  Use: Potion            ||     1
